Map: Orbital Shipyard

Players

Celestial

  • Race: Protoss Protoss
  • League: Master

VampyWorm - Winner!

  • Race: Protoss Protoss
  • League: Diamond

VOD

Have the link to the VOD?

Description

Time

  • Played on: Dec. 16, 2015, 1:03 a.m.
  • Length: 10:53
Show
View Real Time Build Order
Export as new Build Order

Celestial Protoss 

Build Orders: 1 Gate Expand 

Get SALT Encoding   

  12  0:01  Probe (Chrono Boost)  
  13  0:11  Probe (Chrono Boost)  
  14  0:17  Pylon  
  14  0:22  Probe (Chrono Boost)  
  14  0:27  Assimilator  
  15  0:35  Probe (Chrono Boost)  
  16  0:41  Gateway  
  16  0:46  Probe (Chrono Boost)  
  17  0:56  Probe (Chrono Boost)  
  18  1:07  Probe (Chrono Boost)  
  19  1:18  Nexus  
  19  1:21  Probe (Chrono Boost)  
  20  1:30  Cybernetics Core  
  20  1:33  Probe (Chrono Boost)  
  20  1:38  Assimilator  
  21  1:43  Probe (Chrono Boost)  
  23  1:54  Probe (Chrono Boost)  
  23  1:57  Pylon  
  23  2:12  Warp Gate  
  23  2:15  Adept  
  23  2:16  Mothership Core (Chrono Boost)  
  27  2:33  Probe (Chrono Boost)  
  27  2:34  Probe (Chrono Boost)  
  27  2:35  Robotics Facility  
  30  2:44  Probe (Chrono Boost)  
  30  2:45  Stalker, Probe (Chrono Boost)  
  33  2:54  Probe (Chrono Boost)  
  33  2:55  Probe (Chrono Boost)  
  35  3:05  Probe (Chrono Boost)  
  36  3:06  Probe (Chrono Boost)  
  37  3:15  Probe (Chrono Boost), Pylon  
  37  3:16  Probe (Chrono Boost)  
  37  3:18  Gateway  
  39  3:20  Gateway  
  39  3:22  Observer  
  39  3:26  Probe (Chrono Boost)  
  41  3:27  Probe (Chrono Boost)  
  42  3:37  Probe (Chrono Boost)  
  42  3:38  Probe (Chrono Boost)  
  42  3:40  Twilight Council  
  44  3:44  Observer, Pylon  
  44  3:45  Assimilator  
  44  3:47  Probe (Chrono Boost)  
  44  3:48  Probe (Chrono Boost)  
  47  3:58  Probe (Chrono Boost)  
  47  3:59  Probe (Chrono Boost)  
  49  4:08  Probe (Chrono Boost), Pylon  
  49  4:09  Probe (Chrono Boost)  
  51  4:11  Assimilator  
  51  4:14  Immortal  
  51  4:17  Blink (Chrono Boost)  
  51  4:18  Probe  
  51  4:20  Probe  
  57  4:31  Probe  
  58  4:32  Probe  
  59  4:39  Stalker x2  
  59  4:43  Probe  
  59  4:44  Probe  
  62  4:55  Probe  
  62  4:56  Probe  
  64  5:06  Forge  
  64  5:07  Probe  
  64  5:08  Pylon  
  64  5:10  Pylon  
  65  5:15  Nexus  
  65  5:24  Stalker x2  
  65  5:25  Probe  
  65  5:26  Probe  
  71  5:30  Pylon  
  71  5:35  Pylon  
  71  5:36  Observer, Pylon  
  71  5:39  Protoss Ground Weapons Level 1  
  71  5:45  Photon Cannon  
  71  5:49  Photon Cannon  
  71  5:52  Probe  
  71  5:53  Probe  
  73  6:03  Robotics Bay  
  73  6:04  Probe  
  74  6:13  Photon Cannon  
  74  6:14  Stalker x2  
  78  6:19  Robotics Facility  
  78  6:23  Immortal  
  78  6:30  Probe  
  78  6:31  Probe  
  78  6:32  Probe  
  85  6:38  Photon Cannon  
  85  6:41  Probe  
  85  6:44  Probe  
  87  6:47  Probe  
  87  6:51  Probe  
  89  6:58  Pylon  
  89  7:00  Disruptor (Chrono Boost)  
  89  7:01  Pylon  
  89  7:02  Gateway x2  
  89  7:04  Gateway  
  92  7:09  Disruptor (Chrono Boost)  
  95  7:17  Adept x3  
  101  7:23  Pylon  
  101  7:25  Pylon  
  101  7:29  Gateway  
  101  7:31  Assimilator x2  
  101  7:33  Pylon  
  101  7:40  Dark Shrine  
  100  7:44  Stalker  
  100  7:45  Stalker x2  
  100  7:47  Disruptor x2 (Chrono Boost)  
  112  8:07  Stalker x2  
  112  8:08  Stalker x3  
  112  8:10  Protoss Ground Weapons Level 2 (Chrono Boost)  
  122  8:16  Forge  
  122  8:18  Pylon  
  122  8:21  Disruptor x2 (Chrono Boost)  
  128  8:37  Nexus  
  128  8:39  Pylon  
  128  8:48  Templar Archives, Protoss Ground Armor Level 1 (Chrono Boost)  
  128  8:51  Warp Prism  
  128  8:54  Stalker x4  
  138  9:04  Gateway  
  138  9:11  Pylon  
  138  9:14  Photon Cannon  
  138  9:21  Immortal  
  138  9:22  Disruptor  
  142  9:30  High Templar  
  142  9:31  High Templar  
  149  9:36  Archon  
  149  9:49  Photon Cannon  
  149  9:53  Probe, Pylon, Photon Cannon  
  149  9:54  Assimilator  
  149  9:55  Probe x2  
  149  9:57  High Templar x2  
  149  9:59  Assimilator  
  156  10:01  Observer, Archon  
  118  10:19  Stalker x5  
Show
View Real Time Build Order
Export as new Build Order

VampyWorm Protoss - Winner!

Build Orders: 1 Gate Expand, Oracle Opening 

Get SALT Encoding   

  12  0:01  Probe (Chrono Boost)  
  13  0:11  Probe (Chrono Boost)  
  14  0:18  Pylon  
  14  0:22  Probe (Chrono Boost)  
  15  0:36  Probe (Chrono Boost)  
  15  0:37  Gateway  
  16  0:47  Probe (Chrono Boost)  
  17  1:07  Nexus  
  17  1:13  Assimilator  
  17  1:18  Assimilator  
  17  1:20  Probe (Chrono Boost)  
  18  1:31  Cybernetics Core  
  18  1:35  Probe (Chrono Boost)  
  19  1:46  Probe (Chrono Boost)  
  20  1:50  Pylon  
  20  1:56  Probe (Chrono Boost)  
  21  2:08  Mothership Core (Chrono Boost)  
  23  2:12  Warp Gate  
  23  2:20  Stalker  
  23  2:22  Probe (Chrono Boost)  
  26  2:26  Probe (Chrono Boost)  
  27  2:32  Probe (Chrono Boost)  
  27  2:36  Probe (Chrono Boost)  
  29  2:43  Probe (Chrono Boost)  
  30  2:47  Probe (Chrono Boost)  
  30  2:51  Stargate  
  31  2:53  Probe (Chrono Boost)  
  31  2:57  Probe (Chrono Boost)  
  32  3:08  Robotics Facility  
  32  3:10  Probe x2 (Chrono Boost)  
  34  3:16  Pylon  
  34  3:21  Probe (Chrono Boost)  
  34  3:24  Probe (Chrono Boost)  
  36  3:31  Probe (Chrono Boost)  
  37  3:35  Oracle (Chrono Boost)  
  37  3:36  Probe (Chrono Boost)  
  37  3:40  Assimilator  
  41  3:43  Probe  
  41  3:46  Probe, Assimilator  
  43  3:53  Observer (Chrono Boost)  
  43  3:55  Probe  
  45  3:56  Pylon  
  45  3:58  Gateway, Probe  
  46  4:07  Probe  
  47  4:10  Probe  
  47  4:16  Void Ray (Chrono Boost)  
  52  4:19  Probe  
  52  4:23  Probe  
  54  4:24  Stalker  
  54  4:26  Observer  
  58  4:31  Probe  
  58  4:35  Probe  
  58  4:36  Pylon  
  58  4:38  Pylon  
  59  4:43  Probe  
  60  4:47  Probe  
  60  4:49  Immortal  
  61  4:55  Probe  
  61  4:58  Void Ray (Chrono Boost)  
  70  5:00  Probe  
  70  5:04  Zealot x2  
  75  5:11  Twilight Council, Probe  
  76  5:23  Forge  
  76  5:29  Nexus  
  76  5:50  Protoss Ground Weapons Level 1, Charge (Chrono Boost)  
  76  5:54  Pylon  
  76  6:03  Pylon  
  75  6:07  Immortal  
  75  6:08  Probe, Photon Cannon  
  75  6:10  Probe  
  77  6:13  Void Ray (Chrono Boost), Protoss Air Weapons Level 1  
  85  6:19  Gateway  
  85  6:20  Probe  
  85  6:23  Zealot  
  85  6:25  Zealot  
  90  6:26  Probe  
  90  6:32  Probe  
  92  6:38  Probe  
  92  6:39  Gateway  
  93  6:41  Gateway  
  93  6:45  Immortal  
  93  6:53  Void Ray (Chrono Boost)  
  101  7:01  Zealot x2  
  105  7:07  Gateway  
  105  7:14  Assimilator  
  105  7:16  Pylon  
  105  7:19  Photon Cannon x2  
  105  7:20  Assimilator  
  105  7:24  Zealot x2  
  109  7:32  Dark Shrine  
  109  7:34  Observer  
  109  7:35  Pylon, Robotics Bay  
  110  7:39  Void Ray, Protoss Ground Weapons Level 2  
  114  7:52  Probe  
  114  7:53  Probe x2  
  117  8:05  Immortal (Chrono Boost), Zealot, Probe  
  122  8:11  Pylon  
  124  8:23  Void Ray  
  128  8:35  Zealot x2  
  128  8:40  Pylon  
  132  8:41  Warp Prism (Chrono Boost)  
  132  8:42  Pylon  
  132  8:43  Pylon  
  132  8:51  Nexus  
  132  8:53  Pylon  
  132  8:55  Observer Gravitic Boosters (Chrono Boost), Pylon  
  129  8:58  Dark Templar x2  
  129  9:00  Zealot x2  
  137  9:04  Probe x3  
  140  9:10  Zealot x2  
  140  9:11  Disruptor (Chrono Boost)  
  140  9:16  Probe  
  148  9:37  Zealot x4  
  148  9:38  Zealot x2  
  160  9:41  Observer  
  161  9:46  Gateway  
  161  9:49  Gateway  
  161  9:50  Pylon  
  161  9:54  Probe, Pylon  
  140  10:15  Zealot x2  
  140  10:16  Zealot x4  
  140  10:18  Probe  
  139  10:49  Zealot x3  
  145  10:50  Stalker x2  
  145  10:51  Stalker  
Tags
 
Add a new tag
Caveats
  • Supply blocks, unpowered buildings, or Contaminate may cause inaccurate times.
  • Supply counts are checked every 10 seconds.